 Dungeon Crawl Stone Soup version 0.31-a0-977-gc230f8ef24 (webtiles) character file.

Game seed: 2175332808957971360

343 Shayle the Insei (level 6, -2/34 HPs)
             Began as a Tengu Hexslinger on Oct 29, 2023.
             Succumbed to a water moccasin's poison
             ... on level 4 of the Dungeon.
             The game lasted 00:04:46 (2064 turns).

Shayle the Insei (Tengu Hexslinger)                 Turns: 2064, Time: 00:04:47

Health: -2/34      AC:  9    Str:  7 (8)  XL:     6   Next: 57%
Magic:  8/8        EV: 10    Int: 14 (15) God:
Gold:   101        SH:  0    Dex: 16 (17) Spells: 5/7 levels left

rFire   + .          .
                       - Unarmed
rCold   + . .        (no shield)
rNeg    . . .        q - +0 ring mail
rPois   .            (helmet restricted)
rElec   .            g - scarf {rC+ rF+}
rCorr   .            (no gloves)
SInv    .            (boots unavailable)
Will    .....        (no amulet)
Stlth   +            v - +4 ring of protection
HPRegen 0.25/turn    o - ring of willpower
MPRegen 0.11/turn

%: acrobat
@: brilliant, lethally poisoned (-2 -> -16), weak-willed
A: beak, talons 3, acrobatic
a: no special abilities


You were on level 4 of the Dungeon.
You visited 1 branch of the dungeon, and saw 4 of its levels.

You collected 101 gold pieces.

Inventory:

Hand Weapons
 a - a +1 sling
 e - a +0 rapier
Missiles
 s - 2 throwing nets
Armour
 c - a +0 robe
 g - a scarf of resistance (worn)
 q - a +0 ring mail (worn)
Jewellery
 o - a ring of willpower (right hand)
 v - a +4 ring of protection (left hand)
Wands
 u - a wand of polymorph (12)
Scrolls
 f - a scroll of amnesia
 i - a scroll of vulnerability
 l - 3 scrolls of noise
 p - a scroll of revelation
Potions
 b - a potion of degeneration
 j - a potion of enlightenment
 r - a potion of mutation {unknown}
 t - a potion of might {unknown}


   Skills:
 - Level 1.0 Fighting
 - Level 2.1 Ranged Weapons
 - Level 2.1 Dodging
 + Level 7.0 Unarmed Combat
 - Level 1.0 Spellcasting
 - Level 2.1 Hexes
 - Level 1.1 Fire Magic


You had 5 spell levels left.
You knew the following spells:

 Your Spells              Type           Power      Damage    Failure   Level
a - Jinxbite              Hex            20%        N/A       50%         2

Your spell library contained the following spells:

 Spells                   Type           Power      Damage    Failure   Level
 Kiss of Death            Conj/Necr      4%         2d5       67%         1
 Summon Small Mammal      Summ           4%         N/A       67%         1
 Confusing Touch          Hex            10%        N/A       75%         3
 Sigil of Binding         Hex            10%        N/A       75%         3
 Inner Flame              Hex/Fire       7%         N/A       82%         3
 Summon Guardian Golem    Hex/Summ       5%         N/A       87%         3
 Call Canine Familiar     Summ           1%         N/A       95%         3
 Cause Fear               Hex            5%         N/A       98%         4
 Dimensional Bullseye     Hex/Tloc       2%         N/A       99%         4
 Dispel Undead            Necr           1%         3d6       100%        4


Dungeon Overview and Level Annotations

Branches:
Dungeon (4/15)
 Temple: D:4-7

Altars:
Nemelex Xobeh


Innate Abilities, Weirdness & Mutations

You have a beak for a mouth.
You have claws for feet.
You can magically evade attacks while moving or waiting.


Message History

The water moccasin bites you.
You shoot a sling bullet.
The sling bullet hits the water moccasin.
The water moccasin is severely wounded.
You feel sick.
The water moccasin bites you but does no damage. x3
You shoot a sling bullet.
The sling bullet misses the water moccasin.
You feel sick. The water moccasin barely misses you.
The water moccasin completely misses you.
You shoot a sling bullet.
The sling bullet misses the water moccasin.
You feel sick.
The water moccasin bites you but does no damage.
The water moccasin barely misses you.
You shoot a sling bullet.
The sling bullet closely misses the water moccasin.
You feel sick.
You are no longer poisoned.
The water moccasin bites you.
* * * LOW HITPOINT WARNING * * *
The water moccasin misses you.
You are now empty-handed.
You barely miss the water moccasin. Your peck misses the water moccasin.
The water moccasin is severely wounded.
The water moccasin bites you.
* * * LOW HITPOINT WARNING * * *
The water moccasin bites you.
* * * LOW HITPOINT WARNING * * *
Unknown command.
You hit the water moccasin. You claw the water moccasin.
Your peck misses the water moccasin.
The water moccasin is almost dead.
The water moccasin bites you.
* * * LOW HITPOINT WARNING * * *
You are lethally poisoned!
The water moccasin poisons you!
It was a potion of brilliance.
You feel clever all of a sudden.
You die...

###.# #.# #<..# #.###
##.###.######...# ##
#...............# ..
#..###.######...##.#
###................#.#
....####.######..#.#.#
######..................
.......@...#########.#.#
######S##### #.... #.
###.# #. .# #. .# #. .#
#. .. #.


You could see a water moccasin (weak-willed).

Vanquished Creatures
  Sigmund (D:2)
  A phantom (D:4)
  Ijyb (D:3)
  3 adders (D:2)
  A worm (D:2)
  A dart slug (D:1)
  An orc (D:3)
  5 bats
  4 endoplasms
  2 giant cockroaches
  7 goblins
  2 hobgoblins (D:3)
  5 jackals (D:2)
  3 quokkas
  5 ball pythons
  3 frilled lizards
  3 kobolds
  3 rats (D:1)
51 creatures vanquished.

Notes
Turn   | Place    | Note
-------+----------+-------------------------------------------
     0 | D:1      | Shayle the Tengu Hexslinger began the quest for the Orb.
     0 | D:1      | Reached XP level 1. HP: 12/12 MP: 3/3
    59 | D:1      | Reached skill level 1 in Unarmed Combat
   113 | D:1      | Reached XP level 2. HP: 16/16 MP: 4/4
   166 | D:1      | Reached skill level 2 in Unarmed Combat
   400 | D:2      | Reached XP level 3. HP: 20/20 MP: 5/5
   403 | D:2      | Learned a level 2 spell: Jinxbite
   430 | D:2      | Reached skill level 3 in Unarmed Combat
   718 | D:2      | Noticed Sigmund
   733 | D:2      | Killed Sigmund
   734 | D:2      | Reached skill level 5 in Unarmed Combat
   734 | D:2      | Reached XP level 4. HP: 14/25 MP: 1/6
   734 | D:2      | Reached XP level 5. HP: 16/29 MP: 1/7
   917 | D:2      | Reached skill level 6 in Unarmed Combat
  1124 | D:2      | Reached XP level 6. HP: 30/34 MP: 5/8
  1593 | D:3      | Found a sparkling altar of Nemelex Xobeh.
  1607 | D:3      | Found a faded altar of an unknown god.
  1728 | D:3      | Noticed Ijyb
  1741 | D:3      | Killed Ijyb
  1934 | D:4      | Reached skill level 7 in Unarmed Combat
  2048 | D:4      | Noticed a water moccasin
  2064 | D:4      | Succumbed to a water moccasin's poison

Illustrated notes

Levels and vault maps discovered:
D:1:      mrwooster_arrival_statue_3, layout_rooms
D:2:      layout_loops_corners, kennysheep_generic_room_8, uniq_sigmund
D:3:      layout_basic, mainiacjoe_overflow_tiny_flanked,
          basic_ecumenical_altar, uniq_ijyb
D:4:      layout_loops_ring, serial_bayou_lagoon_a, minmay_misc_feat_columns,
          minmay_misc_feat_five, uniq_natasha

Skill      XL: |  1  2  3  4  5  6 |
---------------+-------------------+-----
Unarmed Combat | 1 2 5 6 7 |  7.0
Fighting       | |  1.0
Ranged Weapons | |  2.1
Dodging        | |  2.1
Spellcasting   | |  1.0
Hexes          | |  2.1
Fire Magic     | |  1.1

Action                     |  1- 3 |  4- 6 || total
---------------------------+-------+-------++-------
  Melee: Unarmed           |       |    14 ||    14
         Kick              |       |     1 ||     1
   Fire: Sling             |    77 |   104 ||   181
   Cast: Jinxbite          |     1 |     4 ||     5
    Use: Scroll            |     1 |     5 ||     6
         Potion            |     1 |     5 ||     6
   Stab: Confused          |       |     1 ||     1
 Armour: Robe              |    18 |    22 ||    40
         Ring mail         |       |    52 ||    52
         Skin              |       |    12 ||    12
  Dodge: Dodged            |    17 |    52 ||    69

Table legend: (Time is in decaauts)
 A = Elapsed time spent in this place.
 B = Non-inter-level travel time spent in this place.
 C = Inter-level travel time spent in this place.
 D = Time resting spent in this place.
 E = Time spent auto-exploring this place.
 F = Levels seen in this place.
 G = Mean time per level.
                   A        B        C        D        E       F      G
               +--------+--------+--------+--------+--------+-----+--------+
         Total |   2109 |   2051 |     58 |    169 |   1387 |   4 |  527.2 |
       Dungeon |   2109 |   2051 |     58 |    169 |   1387 |   4 |  527.2 |
               +--------+--------+--------+--------+--------+-----+--------+

Top non-repeatable levels by time:
     D:2: 1164 daAuts
     D:1: 390 daAuts
     D:3: 377 daAuts
     D:4: 177 daAuts
